[Event "ROU-chT Women Superliga 2018"]
[Site "Sovata"]
[Date "2018.11.26"]
[Round "2"]
[White "Panainte, Andreea-Bianca"]
[Black "Pelin, Ana-Maria"]
[Result "1-0"]
[ECO "B22"]
[WhiteElo "1946"]
[BlackElo "1751"]
[Annotator "NA"]
[PlyCount "53"]
[EventDate "2018.11.24"]
[EventType "team-tourn"]
[EventCountry "ROU"]
[SourceTitle "playchess.com"]
[Source "ChessBase"]
[SourceQuality "1"]
[TimeControl "40/5400+30:1800+30"]

1. e4 c5 2. c3 Nf6 3. e5 Nd5 4. d4 cxd4 {[%emt 0:00:00] LiveBook: 7245 Games} 5. Nf3 Nc6 6. Bc4 Nb6 7. Bb3 d5 8. exd6 Qxd6 9. O-O Be6 10. Na3 a6 11. Bxe6 Qxe6 12. Nxd4 {[%emt 0:00:04] B22: Sicilian: 2 c3} Qd7 (12... Nxd4 13. Qxd4 Rd8 14. Qe3 Qxe3 15. Bxe3 Na4 16. Rab1 e6 17. Nc4 f6 18. Rfc1 Bc5 19. Bxc5 Nxc5 {½-½ (49) Savic,M (2515)-Miladinovic,I (2557) Cetinje 2012}) 13. Be3 Nd5 14. Nc4 Nxe3 $146 ({Predecessor:} 14... e6 15. Qf3 Nd8 16. Rfe1 Nxe3 17. Nb6 Qd6 18. Nxa8 Nc4 19. Rad1 Qb8 {1-0 (27) Degraeve,J (2410)-Luce,S (2415) Toulouse 1995}) 15. fxe3 Rd8 16. Qf3 $16 f6 17. Rad1 Nxd4 18. Rxd4 Qc7 19. Rxd8+ Kxd8 20. Rd1+ Kc8 21. Qf5+ Kb8 22. Qe6 Qc6 23. Rd8+ Ka7 24. Qf7 Qe4 25. h3 h5 26. b3 h4 27. Qe8 1-0

[Event "ROU-chT Women Superliga 2018"]
[Site "Sovata"]
[Date "2018.11.26"]
[Round "2"]
[White "Ciungan, Diana-Alexandra"]
[Black "Baciu, Anca-Otilia"]
[Result "1/2-1/2"]
[ECO "B81"]
[WhiteElo "1863"]
[BlackElo "1998"]
[Annotator "NA"]
[PlyCount "50"]
[EventDate "2018.11.24"]
[EventType "team-tourn"]
[EventCountry "ROU"]
[SourceTitle "playchess.com"]
[Source "ChessBase"]
[SourceQuality "1"]
[TimeControl "40/5400+30:1800+30"]

1. e4 c5 2. Nf3 e6 3. d4 cxd4 4. Nxd4 Nf6 5. Nc3 d6 6. g4 Nc6 7. g5 Nd7 8. Ndb5 Nb6 9. Bf4 e5 10. Be3 Be6 (10... a6 $11 11. Na3 Be6) 11. Bxb6 $15 (11. Nd5 $16 Bxd5 12. exd5) 11... Qxb6 12. Nd5 Bxd5 13. Qxd5 a6 14. Nxd6+ Bxd6 15. Qxd6 Qxb2 16. Rd1 Rd8 17. Qc5 Rxd1+ 18. Kxd1 Qxa2 19. Bh3 Qa1+ 20. Kd2 Qd4+ 21. Qxd4 Nxd4 22. Bc8 Ke7 23. Bxb7 a5 24. Ra1 Rb8 25. Bd5 Rb2 1/2-1/2

[Event "ROU-chT Women Superliga 2018"]
[Site "Sovata"]
[Date "2018.11.26"]
[Round "2"]
[White "Anton, Ana-Roxana"]
[Black "Cosman, Andreea-Marioara"]
[Result "0-1"]
[ECO "B23"]
[WhiteElo "1860"]
[BlackElo "2176"]
[Annotator "NA"]
[PlyCount "70"]
[EventDate "2018.11.24"]
[EventType "team-tourn"]
[EventCountry "ROU"]
[SourceTitle "playchess.com"]
[Source "ChessBase"]
[SourceQuality "1"]
[TimeControl "40/5400+30:1800+30"]

1. e4 c5 2. Nc3 d6 3. Bb5+ Nc6 4. f4 Bd7 5. a4 g6 6. Nf3 Bg7 7. O-O e6 8. Bc4 Nge7 9. Ng5 $15 O-O 10. d3 Nd4 11. Ne2 d5 12. Bb3 Nxb3 13. cxb3 Nc6 14. Kh1 dxe4 15. dxe4 Nb4 16. Ng3 h6 17. Nf3 Bc6 18. Be3 b6 19. Rf2 Qc8 20. Rd2 Qb7 21. Ne5 h5 22. Nxc6 Qxc6 23. Qf3 Rfd8 24. Rad1 Bf6 25. h3 Rxd2 26. Rxd2 Rd8 27. Rxd8+ Bxd8 28. Qd1 Bh4 29. Bf2 Bxg3 30. Bxg3 Qxe4 31. Qd8+ Kg7 32. Qc7 Nd5 33. Qb7 Qb1+ 34. Kh2 Ne3 35. Qf3 Nf1+ 0-1

[Event "ROU-chT Women Superliga 2018"]
[Site "Sovata"]
[Date "2018.11.26"]
[Round "2"]
[White "Cristocea, Gabriela"]
[Black "Nastase, Andreea-Cristina"]
[Result "1/2-1/2"]
[ECO "D20"]
[WhiteElo "1843"]
[BlackElo "1900"]
[Annotator "NA"]
[PlyCount "105"]
[EventDate "2018.11.24"]
[EventType "team-tourn"]
[EventCountry "ROU"]
[SourceTitle "playchess.com"]
[Source "ChessBase"]
[SourceQuality "1"]
[TimeControl "40/5400+30:1800+30"]

1. d4 d5 2. c4 dxc4 3. e4 e6 4. Bxc4 Nf6 5. Nc3 a6 6. e5 Nd5 7. Nxd5 exd5 8. Be2 Bb4+ 9. Bd2 Bxd2+ 10. Qxd2 Nc6 11. Nf3 Bf5 12. Rc1 Qe7 13. O-O O-O 14. a3 h6 15. Qc3 Bg4 16. Rfe1 Rfd8 17. b4 $14 Rac8 18. Bxa6 Nxb4 19. Bxb7 Rb8 20. Qxc7 Rxb7 21. Qxe7 Rxe7 22. axb4 Bxf3 23. gxf3 Rb7 24. Rb1 Rdb8 25. Red1 Rxb4 26. Rxb4 Rxb4 27. Kg2 Kf8 28. Rd3 Ke7 29. Kg3 Ke6 30. Rd1 Kf5 31. h4 g5 32. hxg5 hxg5 33. Rd3 Ra4 34. Kg2 Kf4 35. Kf1 Rb4 36. Ke1 g4 37. fxg4 Kxg4 38. Ke2 Rb2+ 39. Ke3 Kf5 40. Ra3 Rb7 41. f3 Rb6 42. Ra5 Rb3+ 43. Ke2 Rb2+ 44. Ke3 Rb3+ 45. Kf2 Kf4 46. Rxd5 Rxf3+ 47. Kg2 Ke4 48. Rd7 Rd3 49. Rxf7 Rxd4 50. e6 Rd8 51. Kg3 Re8 52. e7 Ke5 53. Kg4 1/2-1/2

[Event "ROU-chT Women Superliga 2018"]
[Site "Sovata"]
[Date "2018.11.26"]
[Round "2"]
[White "Rata, Anamaria"]
[Black "Dragomirescu, Angela"]
[Result "0-1"]
[ECO "C41"]
[WhiteElo "1780"]
[BlackElo "2275"]
[Annotator "NA"]
[PlyCount "44"]
[EventDate "2018.11.24"]
[EventType "team-tourn"]
[EventCountry "ROU"]
[SourceTitle "playchess.com"]
[Source "ChessBase"]
[SourceQuality "1"]
[TimeControl "40/5400+30:1800+30"]

1. e4 d6 2. d4 Nf6 3. Nc3 e5 4. Nf3 Nbd7 5. Bc4 Be7 6. O-O O-O 7. Re1 c6 8. dxe5 {[%emt 0:09:46] C41: Philidor Defence} (8. a4 a5 9. h3 Re8 10. Ba2 Bf8 11. Be3 Qc7 12. Ng5 Re7 13. f4 b6 14. fxe5 dxe5 15. d5 cxd5 16. exd5 {1-0 (16) Wang,H (2709)-Ivanchuk,V (2726) Huaian 2017}) 8... dxe5 9. Bg5 h6 10. Bh4 Nh5 11. Bxe7 Qxe7 12. Ne2 $146 ({Predecessor:} 12. Qd2 Nb6 13. Bb3 Bg4 14. Qe3 Qf6 15. Nd2 Be6 {½-½ (33) Sieker,R (2014)-Bader,G (2133) Gerlingen 2007}) 12... Nb6 13. Bb3 Bg4 14. Ng3 Rad8 15. Qe2 Nf4 16. Qe3 Qf6 17. Nd2 Rd4 18. f3 Rfd8 19. Rad1 (19. Ndf1 $1 $15 Be6 20. Bxe6 fxe6 21. Qb3) 19... Bc8 20. Ne2 Nxe2+ 21. Qxe2 Qd6 22. Nc4 Nxc4 $19 0-1

[Event "ROU-chT Women Superliga 2018"]
[Site "Sovata"]
[Date "2018.11.27"]
[Round "3"]
[White "L'Ami, Alina"]
[Black "Popa, Andrada"]
[Result "1-0"]
[ECO "D56"]
[WhiteElo "2285"]
[BlackElo "1598"]
[Annotator "NA"]
[PlyCount "91"]
[EventDate "2018.11.24"]
[EventType "team-tourn"]
[EventCountry "ROU"]
[SourceTitle "playchess.com"]
[Source "ChessBase"]
[SourceQuality "1"]
[TimeControl "40/5400+30:1800+30"]

1. d4 d5 2. c4 e6 3. Nf3 Nf6 4. Nc3 Be7 5. Bg5 O-O 6. e3 h6 7. Bh4 c5 8. dxc5 {[%emt 0:07:12] D56: Queen's Gambit Declined: Lasker Defence} (8. cxd5 Nxd5 9. Bxe7 Qxe7 10. Nxd5 exd5 11. dxc5 Qxc5 12. Be2 Nc6 13. O-O Rd8 14. Rc1 Qb4 15. b3 Bf5 {0-1 (61) Sobina,P (2199)-Slastikhin,V (1846) Voronezh 2018}) 8... Qa5 9. cxd5 Nxd5 10. Bxe7 Nxe7 11. Qd4 Nec6 $146 ({Predecessor:} 11... Nbc6 12. Qc4 e5 13. Qb5 Qc7 14. Be2 Bd7 15. O-O Rad8 {1-0 (37) Engels,L-Brinckmann,A Bad Oeynhausen 1939}) 12. Qc4 Nd7 13. Qb5 Qb4 14. a3 Qxc5 15. Qxc5 Nxc5 16. b4 Nd7 17. Be2 b6 18. Rd1 Nf6 19. Nd2 Bb7 20. Bf3 Rab8 21. Ke2 Ne5 22. Bxb7 Rxb7 23. f4 Nc6 24. Rc1 Rd8 25. Rhd1 Rbd7 26. Nf3 Rxd1 27. Nxd1 Ne7 28. Nf2 Ned5 29. g3 Kf8 $14 30. Ne5 Ne7 31. e4 Rc8 32. Rd1 Ke8 33. Rd3 Rd8 34. Rxd8+ Kxd8 35. Nxf7+ Kd7 36. Ne5+ Kd6 37. Ke3 h5 38. Nfd3 Neg8 39. h3 Nh6 40. b5 Nd7 41. Nxd7 Kxd7 42. Kd4 Kd6 43. Nb2 Nf7 44. Nc4+ Ke7 45. Ne5 Nd6 46. Nc6+ 1-0

[Event "ROU-chT Women Superliga 2018"]
[Site "Sovata"]
[Date "2018.11.27"]
[Round "3"]
[White "Dragomirescu, Angela"]
[Black "Ciolacu, Alessia-Mihaela"]
[Result "1/2-1/2"]
[ECO "A06"]
[WhiteElo "2275"]
[BlackElo "1972"]
[Annotator "NA RC"]
[PlyCount "113"]
[EventDate "2018.11.24"]
[EventType "team-tourn"]
[EventCountry "ROU"]
[SourceTitle "playchess.com"]
[Source "ChessBase"]
[SourceQuality "1"]
[TimeControl "40/5400+30:1800+30"]

1. Nf3 d5 2. g3 Nf6 3. Bg2 e6 4. O-O Bd6 5. d3 O-O 6. Re1 {[%emt 0:04:05] A07: Réti Opening: New York and Capablanca Systems} (6. Nbd2 c6 7. e4 Nbd7 8. Qe2 e5 9. Nh4 Re8 10. Nf5 Bf8 11. h3 g6 12. Ne3 Nb6 13. Rd1 Bg7 {½-½ (62) Laznicka,V (2674)-Plat,V (2483) Prague 2012}) 6... c6 7. Nbd2 Re8 8. e4 e5 9. h3 a5 $146 ({Predecessor:} 9... h6 10. Nf1 d4 11. g4 Nh7 12. Ng3 c5 {1-0 (36) Martinovic,S (2525)-Vucic,M (1885) Bjelolasica 2009}) 10. Nf1 Nbd7 11. exd5 cxd5 12. c4 d4 13. N1d2 ({White should try} 13. g4 $15) 13... h6 14. Nh4 Nc5 15. Nb3 Na6 16. Bd2 a4 17. Nc1 Nc5 18. Bb4 Bd7 19. Ba3 Qc7 20. Rb1 Nh7 21. Kh2 Ng5 22. Nf3 Nge6 23. Qd2 f5 24. Bxc5 Nxc5 25. b4 axb3 26. axb3 Bc6 27. b4 Nxd3 28. Nxd3 Bxf3 29. Bxf3 e4 30. c5 Bf8 31. Bg2 exd3 32. Qxd3 Qd7 33. Rxe8 Rxe8 34. Rd1 Rd8 35. Qf3 b6 36. c6 Qe6 37. b5 g6 38. Qd3 Bc5 39. Ra1 Re8 40. Ra7 Re7 41. Rxe7 Qxe7 42. h4 Qe5 43. Qf3 ({White should play} 43. Qb3+ $18 Kf8 44. Qa2) 43... Bd6 44. Qd5+ Kf8 45. f4 Qxd5 46. Bxd5 g5 47. fxg5 ({Not} 47. hxg5 hxg5 48. fxg5 Kg7 $16) 47... hxg5 48. h5 Kg7 $1 49. Be6 Kh6 (49... Kf6 $5 50. Bc4 g4 $11) 50. Bxf5 Kxh5 51. Kh3 Kh6 52. Kg4 Kg7 53. Kxg5 Bxg3 54. Be6 Kf8 55. Kf6 Ke8 56. Bf5 Kd8 57. Ke6 $14 1/2-1/2

[Event "ROU-chT Women Superliga 2018"]
[Site "Sovata"]
[Date "2018.11.27"]
[Round "3"]
[White "Cosman, Andreea-Marioara"]
[Black "Visanescu, Daria-Ioana"]
[Result "1-0"]
[ECO "D25"]
[WhiteElo "2176"]
[BlackElo "2096"]
[Annotator "NA"]
[PlyCount "62"]
[EventDate "2018.11.24"]
[EventType "team-tourn"]
[EventCountry "ROU"]
[SourceTitle "playchess.com"]
[Source "ChessBase"]
[SourceQuality "1"]
[TimeControl "40/5400+30:1800+30"]

1. d4 d5 2. c4 dxc4 3. Nf3 Nf6 4. e3 Bg4 5. Bxc4 e6 6. O-O Nc6 7. Be2 Bd6 8. Nbd2 O-O 9. Nc4 Be7 10. b3 Nd5 11. Bb2 Bf6 12. Qd2 Re8 13. Rfd1 a5 14. Rac1 a4 15. Nfe5 Bxe2 16. Nxc6 bxc6 17. Qxe2 axb3 18. axb3 $11 Qb8 19. e4 Bg5 20. Ra1 Rxa1 21. Rxa1 Nf4 22. Qf3 Ng6 23. Qc3 Bf6 24. Qc2 Rd8 25. Na5 Ne7 26. e5 Bg5 27. g3 Bh6 28. Ra4 Qb6 29. Ba3 Nf5 30. Nxc6 Re8 31. Qc4 g6 1-0

[Event "ROU-chT Women Superliga 2018"]
[Site "Sovata"]
[Date "2018.11.27"]
[Round "3"]
[White "Rendi, Eva"]
[Black "Yugina, Maria"]
[Result "0-1"]
[ECO "C01"]
[WhiteElo "2015"]
[BlackElo "2129"]
[Annotator "ChessBase"]
[PlyCount "108"]
[EventDate "2018.11.24"]
[EventType "team-tourn"]
[EventCountry "ROU"]
[SourceTitle "playchess.com"]
[Source "ChessBase"]
[SourceQuality "1"]
[TimeControl "40/5400+30:1800+30"]

1. e4 e6 2. d4 d5 3. exd5 exd5 4. Bd3 c5 5. dxc5 Bxc5 6. Nf3 Nf6 7. Qe2+ Be7 8. O-O O-O 9. Bf4 Nc6 10. c3 Bg4 11. h3 Bh5 12. Qe3 Re8 13. Nd4 Bc5 14. Qd2 Ne4 15. Bxe4 Rxe4 16. Nxc6 bxc6 17. b4 Bb6 18. Na3 Qf6 19. Bg5 Qd6 20. Rae1 Bc7 21. f4 Rxe1 22. Qxe1 f6 23. Bh4 Re8 24. Qc1 Be2 25. Re1 Qxf4 26. Qxf4 Bxf4 27. Kf2 Bh5 28. g4 Rxe1 29. Kxe1 Bg6 30. Kd1 Bd3 31. Bf2 a6 32. Nc2 Bxc2+ 33. Kxc2 Bc7 34. Kd3 Kf7 35. c4 Ke6 36. a4 g6 37. a5 f5 38. Kd4 dxc4 39. Kxc4 Bd6 40. Be1 f4 41. Kd4 f3 42. Ke3 Kd5 43. Kxf3 Kc4 44. h4 Bxb4 45. Bxb4 Kxb4 46. Kf4 c5 47. Kg5 c4 48. Kh6 c3 49. Kxh7 c2 50. Kxg6 c1=Q 51. h5 Qc6+ 52. Kg5 Qd5+ 53. Kf6 Qf3+ 54. Kg5 Qf7 0-1

[Event "ROU-chT Women Superliga 2018"]
[Site "Sovata"]
[Date "2018.11.27"]
[Round "3"]
[White "Bucur, Denisa-Andreea"]
[Black "Ciungan, Diana-Alexandra"]
[Result "1-0"]
[ECO "A43"]
[WhiteElo "2012"]
[BlackElo "1863"]
[Annotator "NA"]
[PlyCount "57"]
[EventDate "2018.11.24"]
[EventType "team-tourn"]
[EventCountry "ROU"]
[SourceTitle "playchess.com"]
[Source "ChessBase"]
[SourceQuality "1"]
[TimeControl "40/5400+30:1800+30"]

1. d4 Nf6 2. Nf3 c5 3. d5 b5 4. Bg5 Qb6 5. e3 Bb7 6. c4 bxc4 7. Nc3 Qxb2 8. Bxf6 gxf6 9. Rc1 Bg7 10. Bxc4 Ba6 11. Nd2 $14 O-O 12. O-O Qb4 13. Nce4 d6 14. Ng3 Qb7 15. Nf5 e6 16. dxe6 Bxc4 17. Rb1 Qc7 18. e7 Be6 19. exf8=Q+ Bxf8 20. Qg4+ Kh8 21. Ne4 Qd8 22. Rfd1 d5 23. Nxc5 Qc8 24. Nxe6 fxe6 25. Nd4 f5 26. Qg3 Nc6 27. Rdc1 Nxd4 28. Qe5+ Bg7 29. Rxc8+ 1-0

[Event "ROU-chT Women Superliga 2018"]
[Site "Sovata"]
[Date "2018.11.27"]
[Round "3"]
[White "Baciu, Anca-Otilia"]
[Black "Sandu, Mihaela"]
[Result "0-1"]
[ECO "B43"]
[WhiteElo "1998"]
[BlackElo "2308"]
[Annotator "NA"]
[PlyCount "72"]
[EventDate "2018.11.24"]
[EventType "team-tourn"]
[EventCountry "ROU"]
[SourceTitle "playchess.com"]
[Source "ChessBase"]
[SourceQuality "1"]
[TimeControl "40/5400+30:1800+30"]

1. e4 c5 2. Nf3 e6 3. d4 cxd4 4. Nxd4 a6 5. Nc3 b5 6. Bd3 Qb6 7. Nb3 Qc7 8. O-O Bb7 9. Qe2 Nc6 {[%emt 0:04:08] B43: Sicilian: Kan Variation: 5 Nc3} (9... Nf6 10. f4 d6 11. Kh1 Nbd7 12. Bd2 Nc5 13. Nxc5 dxc5 14. e5 Nd5 15. Nxd5 Bxd5 16. c4 bxc4 17. Bxc4 {1-0 (31) Movsesian,S (2702)-Pantsulaia,L (2595) Plovdiv 2012}) 10. Bd2 Nf6 11. f4 b4 12. Na4 Be7 13. Kh1 $146 ({Predecessor:} 13. e5 Nd5 14. Rae1 g6 15. Kh1 Na5 16. Nd4 {½-½ (46) Nataf,I (2527)-Wahls,M (2580) Germany 2002}) 13... O-O 14. Rae1 d5 15. e5 Ne4 16. Be3 Nd8 17. Nd4 g6 18. Rf3 Qa5 19. b3 Qc7 20. Rh3 Nc6 $16 21. Qg4 Nxd4 22. Bxd4 Bc6 23. Rh6 Rfe8 24. Qh3 Bf8 25. Rxh7 Bg7 26. Nc5 Nxc5 27. Bxc5 Bb5 28. Bxb4 Bxd3 29. cxd3 Qb6 30. Bd2 Qf2 31. Ba5 Qxa2 32. Bc7 Rac8 33. Bd6 Qd2 34. Rg1 Rc1 35. Qh4 Qe3 36. Rxg7+ Kxg7 0-1

[Event "ROU-chT Women Superliga 2018"]
[Site "Sovata"]
[Date "2018.11.27"]
[Round "3"]
[White "Stanciu, Andreea-Briana"]
[Black "Panainte, Andreea-Bianca"]
[Result "0-1"]
[ECO "C07"]
[WhiteElo "1953"]
[BlackElo "1946"]
[Annotator "NA"]
[PlyCount "78"]
[EventDate "2018.11.24"]
[EventType "team-tourn"]
[EventCountry "ROU"]
[SourceTitle "playchess.com"]
[Source "ChessBase"]
[SourceQuality "1"]
[TimeControl "40/5400+30:1800+30"]

1. e4 e6 2. d4 d5 3. Nd2 c5 4. Ngf3 Nc6 5. exd5 Qxd5 6. Bc4 Qd7 7. dxc5 Bxc5 8. O-O Nf6 9. c3 O-O 10. Qe2 Ne7 11. Nb3 Bd6 12. Nbd4 a6 13. Re1 Ned5 14. Ne5 $11 Bxe5 15. Qxe5 b5 16. Bd3 h6 17. Qg3 Kh8 18. Qh4 Ng8 19. g4 Bb7 20. g5 g6 21. gxh6 Kh7 22. Qg3 Ndf6 23. Bg5 Qd5 24. f3 Nh5 25. Qh4 e5 26. Be4 Qd7 27. Nb3 Bxe4 28. fxe4 Nxh6 29. Rad1 Qe6 30. Rd5 f6 31. Be3 Qg4+ 32. Qxg4 Nxg4 33. Rd7+ Kg8 34. Bb6 Nf4 35. Nc5 f5 36. Rd6 Rf7 37. Ne6 Rf6 38. Nc7 Rxd6 39. Nxa8 Rd2 0-1

[Event "ROU-chT Women Superliga 2018"]
[Site "Sovata"]
[Date "2018.11.27"]
[Round "3"]
[White "Firaru, Roxana-Maria"]
[Black "Anton, Ana-Roxana"]
[Result "0-1"]
[ECO "C05"]
[WhiteElo "1943"]
[BlackElo "1860"]
[Annotator "NA"]
[PlyCount "92"]
[EventDate "2018.11.24"]
[EventType "team-tourn"]
[EventCountry "ROU"]
[SourceTitle "playchess.com"]
[Source "ChessBase"]
[SourceQuality "1"]
[TimeControl "40/5400+30:1800+30"]

1. e4 e6 2. d4 d5 3. Nd2 Nf6 4. e5 Nfd7 5. Ngf3 c5 6. c3 b6 7. Be2 Ba6 {[%emt 0:00:10] C05: French Tarrasch: 3...Nf6 4 e5 Nfd7, 5 f4 and 5 Bd3 sidelines} 8. O-O Be7 9. Re1 (9. c4 cxd4 10. Re1 dxc4 11. Nxc4 Nc6 12. Nxd4 Nxd4 13. Qxd4 O-O 14. Qg4 {1-0 (62) Bogner,S (2589)-Pelletier,Y (2544) Switzerland 2017}) 9... O-O 10. Nf1 Re8 $146 ({Predecessor:} 10... Bxe2 11. Qxe2 a5 12. h3 Nc6 13. Be3 Rb8 14. N3h2 b5 15. Qg4 {1-0 (37) Anaskin,A (1916)-Eret,J (1898) Czechia 2013}) 11. Bxa6 Nxa6 12. Qa4 Nc7 13. dxc5 bxc5 14. Qg4 f5 15. Qg3 Nf8 16. h4 Kh8 17. h5 h6 18. N1h2 Nh7 19. Be3 Rf8 20. Rad1 a5 21. Rd2 a4 22. Red1 Rb8 23. Qf4 Qe8 24. g4 Ng5 25. Kh1 Ne4 26. Rc2 a3 27. b3 Nb5 28. Rdc1 Nbxc3 29. Rxc3 Nxc3 30. Rxc3 d4 31. Nxd4 cxd4 32. Qxd4 Rb4 33. Qd2 fxg4 34. Bxh6 Qxh5 35. Bxg7+ Kxg7 36. Rc7 Qf7 37. Qe2 Rf4 38. Kg1 Re8 39. Nxg4 Qg6 40. f3 Rxg4+ 41. fxg4 Kg8 42. Kg2 Bf8 43. Ra7 Rc8 44. Qf3 Qc2+ 45. Kf1 Qb1+ $19 (45... Qc1+ $142 46. Kg2 Rc2+ {[%mdl 64] Double Attack} 47. Kg3 Qg1+ {[%mdl 64] Double Attack} 48. Kh4 Rh2+ 49. Kg5 Qxa7 50. Kf4 Bh6+ 51. Ke4 Rd2 52. Qf8+ Kxf8 53. g5 Qf2 54. gxh6 Rd4#) 46. Kg2 Qb2+ 0-1

[Event "ROU-chT Women Superliga 2018"]
[Site "Sovata"]
[Date "2018.11.27"]
[Round "3"]
[White "Nastase, Andreea-Cristina"]
[Black "Aciu, Malina-Andreea"]
[Result "0-1"]
[ECO "D20"]
[WhiteElo "1900"]
[BlackElo "1976"]
[Annotator "NA"]
[PlyCount "60"]
[EventDate "2018.11.24"]
[EventType "team-tourn"]
[EventCountry "ROU"]
[SourceTitle "playchess.com"]
[Source "ChessBase"]
[SourceQuality "1"]
[TimeControl "40/5400+30:1800+30"]

1. d4 d5 2. c4 dxc4 3. e3 e5 4. Bxc4 exd4 5. Nf3 Bd6 6. Nxd4 Nf6 7. Nc3 a6 8. Qf3 O-O 9. h3 Nbd7 10. Bb3 c5 11. Nc2 Ne5 12. Qe2 b5 13. Bd5 Nxd5 14. Nxd5 Bb7 15. e4 f5 16. O-O Qh4 17. f4 Ng6 18. exf5 Bxd5 19. fxg6 Bc4 20. Qf2 Qxf2+ 21. Rxf2 hxg6 22. b3 Bd3 23. Ne1 Be4 24. Be3 Rfe8 25. Rd2 Bf8 26. Kf2 Rac8 27. Nf3 c4 28. bxc4 bxc4 29. Rb2 c3 30. Rb6 Bxf3 0-1

[Event "ROU-chT Women Superliga 2018"]
[Site "Sovata"]
[Date "2018.11.27"]
[Round "3"]
[White "Pelin, Ana-Maria"]
[Black "Matasaru, Stephanie"]
[Result "1-0"]
[ECO "E69"]
[WhiteElo "1751"]
[BlackElo "1859"]
[Annotator "NA"]
[PlyCount "109"]
[EventDate "2018.11.24"]
[EventType "team-tourn"]
[EventCountry "ROU"]
[SourceTitle "playchess.com"]
[Source "ChessBase"]
[SourceQuality "1"]
[TimeControl "40/5400+30:1800+30"]

1. d4 Nf6 2. c4 g6 3. Nf3 Bg7 4. g3 O-O 5. Bg2 d6 6. O-O Nbd7 7. Nc3 e5 8. e4 c6 9. h3 Qa5 10. Be3 exd4 11. Nxd4 Nb6 12. Nb3 {[%emt 0:40:27] E69: King's Indian: Fianchetto: 6...Nbd7 7 0-0 e5 8 e4 c6 9 h3} Qh5 13. Qxh5 Nxh5 14. g4 Nf6 {[%emt 0:01:55] [#]} 15. Bxb6 $146 ({Predecessor:} 15. Na5 Be6 16. Rfd1 Nfd7 17. Rac1 Nxc4 18. Nxc4 Bxc4 19. b3 Be6 {0-1 (72) Laznicka,V (2638)-Vachier Lagrave,M (2723) Sestao 2010}) 15... axb6 16. Rad1 Rd8 17. Nd4 Nd7 18. f4 Bf6 19. b3 Nc5 20. Nde2 b5 21. cxb5 cxb5 22. Rd2 b4 23. Nd5 Bg7 24. Nxb4 Na6 25. Nd5 Be6 26. Rfd1 Bxd5 27. Rxd5 Nb4 28. R5d2 Rxa2 29. Rxa2 Nxa2 30. e5 Bf8 31. Bxb7 Rb8 32. exd6 Bxd6 33. Rxd6 Rxb7 34. Rd3 Nb4 35. Rf3 Kg7 36. Kf2 Re7 37. Ng3 f6 38. Re3 Rd7 39. Ne2 Nd3+ 40. Kf3 Nb4 41. h4 h6 42. Ng3 Nc2 43. Rc3 Nb4 44. f5 g5 45. hxg5 hxg5 46. Ne4 Kf7 47. Nc5 Re7 48. Ne6 Nd5 49. Rc4 Rd7 {[%emt 0:05:12] [#]} (49... Nb6 $16 {was called for.}) 50. Ke4 ({White should play} 50. b4 $1 $18) 50... Ke7 {[%emt 0:00:37] [#]} (50... Nb6 $16 {is a better defense.}) 51. b4 $1 Nb6 52. Rd4 Rxd4+ $4 (52... Ra7 $16 {is more resistant.} 53. Nd8 Rc7) 53. Kxd4 ({Not} 53. Nxd4 Nc4 $16) 53... Kd6 54. Nc5 Nd5 55. Ne4+ 1-0

[Event "ROU-chT Women Superliga 2018"]
[Site "Sovata"]
[Date "2018.11.27"]
[Round "3"]
[White "Popa, Catalina-Elena"]
[Black "Bulmaga, Irina"]
[Result "0-1"]
[ECO "A48"]
[WhiteElo "1746"]
[BlackElo "2386"]
[Annotator "NA"]
[PlyCount "74"]
[EventDate "2018.11.24"]
[EventType "team-tourn"]
[EventCountry "ROU"]
[SourceTitle "playchess.com"]
[Source "ChessBase"]
[SourceQuality "1"]
[TimeControl "40/5400+30:1800+30"]

1. d4 Nf6 2. Nf3 g6 3. Bf4 Bg7 4. e3 O-O 5. Be2 d6 6. O-O b6 7. c3 Bb7 8. Nbd2 Nbd7 9. h3 Re8 10. Bh2 {[%emt 0:01:38] A48: 1 d4 Nf6 2 Nf3 g6: Torre, London and Colle Systems} h6 (10... e5 11. dxe5 dxe5 12. Nc4 Ne4 13. Qc2 Qe7 14. Rad1 h6 15. Nfd2 Ng5 16. h4 Nh7 17. h5 gxh5 18. Qf5 h4 19. Nf3 Nhf8 {0-1 (40) Wang,C (2529)-Wei,Y (2737) Shenzhen 2015}) 11. Re1 $146 ({Predecessor:} 11. Qb3 e6 12. Rfd1 Ne4 13. Nxe4 Bxe4 14. Nd2 Bb7 15. Bf3 Bxf3 16. Nxf3 {1-0 (97) Batchinsky,B-Paganelli,R Geneve 1995}) 11... e5 12. Nc4 Nh7 13. Qc2 Qe7 (13... e4 $5 14. Nfd2 $8 Qe7 $11) 14. Rad1 a6 15. Bg3 e4 16. Nfd2 d5 17. Na3 c5 18. dxc5 Nxc5 19. Nb3 Rac8 20. Nd4 b5 21. Qb1 h5 22. Nac2 Ng5 23. Nb3 Na4 24. Nbd4 Bf6 25. Nb4 Ne6 26. Nxb5 axb5 27. Bxb5 Nb6 28. Bxe8 Rxe8 29. a3 h4 30. Bh2 Ng5 31. Qa2 Qe6 32. Bc7 Nc4 33. Nc2 Nxh3+ 34. Kf1 d4 35. Nxd4 $19 Nxe3+ 36. fxe3 Qxa2 37. gxh3 Qc4+ 0-1

[Event "ROU-chT Women Superliga 2018"]
[Site "Sovata"]
[Date "2018.11.27"]
[Round "3"]
[White "Patru, Alexandra-Ioana"]
[Black "Lehaci, Miruna-Daria"]
[Result "0-1"]
[ECO "A48"]
[WhiteElo "1631"]
[BlackElo "2067"]
[Annotator "NA"]
[PlyCount "82"]
[EventDate "2018.11.24"]
[EventType "team-tourn"]
[EventCountry "ROU"]
[SourceTitle "playchess.com"]
[Source "ChessBase"]
[SourceQuality "1"]
[TimeControl "40/5400+30:1800+30"]

1. d4 Nf6 2. Nf3 g6 3. c4 Bg7 4. g3 O-O 5. Bg2 d5 6. b3 dxc4 7. bxc4 c5 8. e3 Qc7 9. Nbd2 cxd4 10. exd4 Bf5 11. Bb2 Nc6 12. a3 Na5 13. Qe2 Qb6 14. Bc3 Nb3 15. Nxb3 Qxb3 16. Qb2 Qxc4 17. Ne5 Qc7 18. Rc1 Be4 19. Bxe4 Nxe4 20. Bb4 Qd8 21. O-O Bf6 22. Rc2 Ng5 23. f4 Ne6 24. Rd2 Qd5 25. Rfd1 Rfd8 26. Qc3 a5 27. Bc5 Rdc8 28. Qf3 Qxf3 29. Nxf3 Nxc5 30. dxc5 Rxc5 31. Rd3 Rac8 32. a4 Rc1 33. Rxc1 Rxc1+ 34. Kg2 Ra1 35. Rb3 Ra2+ 36. Kf1 Rxa4 37. Rxb7 Ra2 38. Ra7 a4 39. h4 a3 40. Ne1 Bd4 41. Nd3 Bxa7 0-1